Map: Kairos Junction LE

Players

Creed - Winner!

  • Race: Terran Terran
  • Spawn Location: 11:00

HydraOrc

  • Race: Protoss Protoss
  • Spawn Location: 5:00

Event: 2019 WCS Spring

VOD

Have the link to the VOD?

Description

Time

  • Played on: May 17, 2019, 9:09 a.m.
  • Length: 8:42

All games in this series

Show
View Real Time Build Order
Export as new Build Order

Creed Terran - Winner!

Build Orders: Gas First Reaper Expand, Liberator Opening 

Get SALT Encoding   

  12  0:00  SCV  
  13  0:12  SCV  
  14  0:16  Supply Depot  
  14  0:25  SCV  
  15  0:28  Refinery  
  15  0:38  SCV  
  16  0:45  Barracks  
  16  0:50  SCV  
  17  1:02  SCV  
  18  1:14  SCV  
  19  1:32  Reaper, Orbital Command  
  20  1:49  Command Center  
  20  1:58  Factory  
  20  2:02  SCV  
  20  2:06  Barracks Reactor  
  21  2:10  Refinery  
  21  2:14  SCV  
  22  2:23  Supply Depot  
  22  2:26  SCV  
  23  2:45  SCV, Starport, Widow Mine, Marine x2  
  28  3:01  Orbital Command  
  28  3:02  Marine x2  
  30  3:09  SCV  
  31  3:17  Hellion  
  33  3:20  Marine x2  
  35  3:27  SCV  
  35  3:28  SCV  
  37  3:35  Medivac  
  37  3:39  SCV  
  37  3:40  SCV, Supply Depot  
  41  3:46  Hellion  
  41  3:47  Marine x2  
  45  3:52  SCV  
  46  3:58  Liberator  
  46  4:03  SCV, Supply Depot  
  46  4:04  SCV  
  50  4:17  SCV x2  
  50  4:21  Hellion  
  54  4:25  Hellion, Barracks Tech Lab  
  54  4:26  Supply Depot  
  56  4:35  Barracks  
  56  4:36  Barracks  
  56  4:37  SCV  
  57  4:43  Hellion  
  59  4:46  Hellion  
  59  4:48  Marine, Stimpack, Supply Depot  
  59  4:51  SCV x2  
  59  4:52  Supply Depot  
  64  5:03  SCV x2, Starport Reactor  
  66  5:07  Engineering Bay  
  66  5:09  Widow Mine  
  66  5:12  Refinery  
  68  5:16  Supply Depot  
  68  5:21  SCV  
  68  5:25  Barracks Reactor  
  68  5:26  SCV, Widow Mine, Barracks Tech Lab  
  69  5:31  Widow Mine  
  67  5:39  SCV  
  67  5:41  Marine  
  67  5:42  SCV, Medivac x2  
  67  5:48  Widow Mine  
  67  5:51  SCV  
  67  5:52  Widow Mine  
  67  5:54  SCV  
  67  5:55  Bunker  
  71  5:58  Marine  
  71  5:59  Terran Infantry Weapons Level 1  
  72  6:04  Marine  
  72  6:05  Marine  
  72  6:08  Command Center, Combat Shield  
  74  6:12  Marauder  
  74  6:17  Marauder  
  78  6:19  Widow Mine x2  
  78  6:24  Medivac  
  84  6:30  Refinery, Supply Depot x2  
  84  6:31  SCV x2  
  86  6:37  Marine x2  
  86  6:38  Marauder  
  87  6:43  SCV x2  
  87  6:44  Medivac  
  85  6:49  Widow Mine x2  
  85  6:50  Concussive Shells  
  89  6:55  SCV x2  
  89  6:57  Marine x2  
  93  7:01  Supply Depot  
  93  7:07  SCV x2  
  95  7:11  Marine  
  95  7:12  Marauder  
  95  7:14  Widow Mine x2  
  98  7:21  Marine x2  
  96  7:29  Marauder, Medivac, Supply Depot  
  64  7:30  Medivac  
  99  7:32  Orbital Command  
  99  7:35  Widow Mine x2  
  99  7:36  Marauder  
  107  7:48  Marine x2  
  107  7:51  Marauder  
  109  7:55  SCV x2  
  109  7:56  Widow Mine x2  
  109  7:58  Marauder  
  115  7:59  Orbital Command  
  115  8:00  Missile Turret  
  115  8:02  Barracks  
  115  8:03  Barracks  
  113  8:07  SCV x2  
  113  8:12  Marine  
  115  8:13  Marauder  
  115  8:19  Marauder, Marine  
Show
View Real Time Build Order
Export as new Build Order

HydraOrc Protoss 

Build Orders: 1 Gate Expand 

Get SALT Encoding   

  12  0:00  Probe  
  13  0:12  Probe  
  14  0:19  Pylon  
  14  0:24  Probe  
  15  0:33  Probe  
  15  0:37  Gateway  
  15  0:42  Assimilator, Probe  
  17  0:53  Probe  
  18  1:05  Probe  
  19  1:23  Nexus  
  19  1:33  Cybernetics Core  
  19  1:39  Probe  
  20  1:48  Assimilator  
  20  1:53  Probe  
  21  1:57  Pylon  
  21  2:05  Stalker, Probe  
  22  2:09  Warp Gate  
  24  2:16  Shield Battery  
  24  2:18  Probe  
  24  2:27  Sentry, Shield Battery  
  24  2:30  Probe  
  27  2:37  Probe  
  27  2:42  Probe  
  29  2:45  Probe  
  30  2:53  Probe  
  30  2:54  Probe  
  30  2:57  Twilight Council  
  31  3:03  Probe  
  31  3:06  Probe  
  31  3:11  Probe  
  33  3:20  Gateway  
  33  3:23  Gateway  
  33  3:26  Probe  
  34  3:33  Probe  
  35  3:38  Probe  
  36  3:41  Probe  
  36  3:48  Adept  
  39  3:49  Probe  
  39  3:50  Probe  
  39  3:52  Pylon  
  41  3:59  Probe  
  41  4:02  Probe, Blink  
  43  4:11  Probe  
  44  4:19  Probe  
  44  4:23  Stalker  
  47  4:25  Stalker  
  47  4:26  Nexus  
  47  4:30  Stalker  
  51  4:35  Probe  
  51  4:37  Probe  
  53  4:40  Assimilator  
  53  4:45  Pylon  
  53  4:47  Probe  
  53  4:51  Gateway  
  54  4:52  Gateway  
  54  4:58  Assimilator  
  54  5:01  Probe  
  54  5:03  Probe  
  56  5:09  Probe  
  57  5:14  Forge  
  57  5:16  Probe  
  57  5:17  Gateway  
  57  5:18  Stalker  
  57  5:19  Stalker  
  62  5:26  Stalker  
  62  5:27  Probe  
  49  5:36  Probe  
  49  5:40  Stalker  
  49  5:42  Probe  
  46  5:45  Probe  
  46  5:49  Probe  
  48  5:50  Probe  
  49  5:58  Probe  
  49  5:59  Probe  
  49  6:01  Probe  
  51  6:06  Protoss Ground Weapons Level 1  
  51  6:07  Probe  
  51  6:10  Probe  
  52  6:13  Pylon  
  52  6:15  Stalker  
  52  6:16  Probe  
  52  6:17  Probe  
  56  6:19  Probe  
  58  6:29  Probe x2  
  58  6:31  Stalker  
  60  6:39  Probe  
  57  6:41  Probe  
  57  6:46  Probe  
  49  6:49  Probe  
  49  6:52  Stalker  
  49  6:53  Probe  
  54  6:54  Probe  
  54  6:57  Probe  
  54  6:58  Pylon  
  56  7:04  Templar Archives  
  56  7:05  Probe  
  54  7:12  Probe x2  
  48  7:25  Probe x2  
  48  7:26  Probe  
  51  7:32  Stalker, Zealot  
  55  7:37  Probe, Gateway  
  55  7:40  Probe  
  57  7:47  Probe  
  57  7:49  Probe  
  45  7:52  Stalker, Probe  
  48  8:02  Probe x2  
  48  8:04  Probe  
  50  8:08  High Templar  
  50  8:10  Probe  
  50  8:11  High Templar  
  55  8:14  Probe  
  55  8:16  Archon  
  55  8:17  Sentry  
  55  8:19  Sentry  
  61  8:21  Probe  
Tags
 
Add a new tag
Caveats
  • Supply blocks, unpowered buildings, or Contaminate may cause inaccurate times.
  • Supply counts are checked every 10 seconds.